 Dungeon Crawl Stone Soup version 0.22.1-1-ga44c0e5 (webtiles) character file.

637 Fang the Chopper (level 7, 0/44 HPs)
             Began as a Gargoyle Berserker on Sept 20, 2018.
             Was an Elder of Trog.
             Slain by a gnoll
             ... wielding a +0 halberd
              (5 damage)
             ... on level 4 of the Dungeon.
             The game lasted 00:06:41 (4071 turns).

Fang the Chopper (Gargoyle Berserker)               Turns: 4071, Time: 00:06:42

Health: 0/44       AC:  8    Str: 22    XL:     7   Next: 50%
Magic:  7/7        EV: 13    Int:  8    God:    Trog [****..]
Gold:   223        SH:  0    Dex:  9    Spells: 6/6 levels left

rFire    . . .     SeeInvis +   s - +4 hand axe
rCold    . . .     Gourm    .   (no shield)
rNeg     + + .     Faith    .   b - +1 animal skin
rPois    ∞         Spirit   .   (no helmet)
rElec    +         Reflect  .   (no cloak)
rCorr    .         Harm     .   (no gloves)
MR       .....                  (no boots)
Stlth    ++........             (no amulet)
HPRegen  0.14/turn              f - ring of see invisible
MPRegen  0.10/turn              p - ring of positive energy

@: berserk cooldown, slowed, very slow
A: negative energy resistance 1, electricity resistance, unbreathing,
petrification resistance, rot immunity, AC +4
a: Berserk, Trog's Hand, Brothers in Arms, Renounce Religion


You were on level 4 of the Dungeon.
You worshipped Trog.
Trog was greatly pleased with you.
You were not hungry.

You visited 1 branch of the dungeon, and saw 4 of its levels.

You collected 223 gold pieces.

Inventory:

Hand Weapons
 s - a +4 hand axe (weapon)
Armour
 b - a +1 animal skin (worn)
Jewellery
 f - a ring of see invisible (left hand)
 p - a ring of positive energy (right hand)
Wands
 g - a wand of acid (9)
 o - a wand of paralysis (12)
Scrolls
 d - 2 scrolls of identify
 e - 2 scrolls of blinking
 h - 3 scrolls of remove curse
 i - 4 scrolls of fear
 j - a scroll of teleportation
 l - a scroll of magic mapping
Potions
 k - 2 potions of ambrosia
 m - 3 potions of curing
 n - 4 potions of lignification
 q - a potion of haste
 r - a potion of cancellation {unknown}
 t - a potion of might
Comestibles
 c - 6 rations


   Skills:
 + Level 5.3 Fighting
 + Level 5.5 Axes
 + Level 2.2 Armour
 + Level 3.5 Dodging
 + Level 1.9 Stealth


You had 6 spell levels left.
You didn't know any spells.
Your spell library was empty.

Dungeon Overview and Level Annotations

Branches:
Dungeon (4/15)
 Temple: D:4-7

Altars:
Elyvilon
Nemelex Xobeh
Yredelemnul


Innate Abilities, Weirdness & Mutations

You are resistant to torment.
Your stone body is resilient. (AC +4)
You are immune to poison.
You resist negative energy. (rN+)
You are resistant to electric shocks. (rElec)
You can survive without breathing.
You are immune to petrification.
You are immune to rotting.


Message History

The gnoll hits you but does no damage. The gnoll barely misses you.
The gnoll closely misses you.
Things that are here:
a spear; a gnoll corpse You hit the gnoll.
The gnoll is moderately wounded.
The gnoll closely misses you. The gnoll completely misses you.
You closely miss the gnoll.
The gnoll is moderately wounded.
The gnoll hits you with a halberd.
* * * LOW HITPOINT WARNING * * *
The gnoll hits you from afar with a spear.
* * * LOW HITPOINT WARNING * * *
The gnoll closely misses you. The gnoll barely misses you.
Okay, then.
The gnoll barely misses you.
You see here a flail.
You eat one of the 7 rations.
That ration really hit the spot!
The gnoll hits you from afar with a halberd.
You die...

.####...#...#####.#
.####..##...### #.#
...........>..# #.#
..###..##...#.# #.#
..# #.......#.###.#
..###.##..###.....#
.......#....#..####
..###..###..#..######
....#....#..#...@)gg#
....#.##.#..#..####.#
....#.##.#..#...,,,,#
....#.##.#..#.#.*****
..<.#.##.#..#.,.#
...##.##.#..#######**
......##.#.........,*
.(####.......######,*
.......#..........*,*


You could see 2 gnolls.

Vanquished Creatures
  Sigmund (D:4)
  A howler monkey (D:4)
  A gnoll shaman (D:4)
  3 orc priests
  A hound (D:4)
  3 orc wizards
  Ijyb (D:4)
  A worker ant (D:4)
  An adder (D:3)
  6 gnolls (D:4)
  A worm (D:2)
  2 leopard geckos
  16 orcs
  12 bats
  4 giant cockroaches
  11 goblins
  6 hobgoblins
  2 jackals (D:4)
  4 quokkas
  2 ball pythons (D:3)
  8 frilled lizards
  8 kobolds
  A leopard gecko skeleton (D:2)
  6 rats
102 creatures vanquished.

Notes
Turn   | Place    | Note
-------+----------+-------------------------------------------
     0 | D:1      | Fang the Gargoyle Berserker began the quest for the Orb.
     0 | D:1      | Reached XP level 1. HP: 14/14 MP: 1/1
   275 | D:1      | Reached XP level 2. HP: 19/19 MP: 2/2
  1312 | D:2      | Reached XP level 3. HP: 17/24 MP: 3/3
  1379 | D:2      | Reached ** piety under Trog
  2072 | D:3      | Reached XP level 4. HP: 17/29 MP: 4/4
  2137 | D:3      | Reached skill level 1 in Stealth
  2146 | D:3      | Reached XP level 5. HP: 19/33 MP: 5/5
  2376 | D:3      | Found a sparkling altar of Nemelex Xobeh.
  2377 | D:3      | Found a basalt altar of Yredelemnul.
  2435 | D:3      | Reached *** piety under Trog
  2439 | D:3      | Found a white marble altar of Elyvilon.
  2737 | D:4      | Found a sand-covered staircase.
  2796 | D:4      | Reached XP level 6. HP: 38/39 MP: 6/6
  3178 | D:4      | Noticed Sigmund
  3195 | D:4      | Killed Sigmund
  3195 | D:4      | Reached skill level 5 in Axes
  3195 | D:4      | Reached XP level 7. HP: 36/44 MP: 7/7
  3563 | D:4      | Noticed Ijyb
  3579 | D:4      | Reached skill level 5 in Fighting
  3596 | D:4      | Killed Ijyb
  3702 | D:4      | Reached **** piety under Trog
  4071 | D:4      | Slain by a gnoll

Skill      XL: |  1  2  3  4  5  6  7 |
---------------+----------------------+-----
Axes           | 3 4 5 |  5.5
Fighting       | 4 5 |  5.3
Dodging        | 2 3 |  3.5
Stealth        | 1 |  1.9
Armour         | |  2.2

Action                   |  1- 3 |  4- 6 |  7- 9 || total
-------------------------+-------+-------+-------++-------
Melee: Hand axe          |   168 |   119 |    75 ||   362
Invok: Berserk           |     2 |     3 |     2 ||     7
  Use: Scroll            |       |    11 |     1 ||    12
 Stab: Sleeping          |     3 |       |       ||     3
  Eat: Chunk             |     5 |     6 |     4 ||    15
       Ration            |       |       |     1 ||     1
Armor: Animal skin       |    61 |    33 |    36 ||   130
Dodge: Dodged            |   122 |    70 |    45 ||   237
